[ PARTIDA AOE2 · #504793490 ]
UnrankedCeltas vs Chinese
Equipo del jugador · DERR
Equipo rival · VICT
[ ANÁLISIS DE REPETICIÓN · EXTRAÍDO DE LA PARTIDA GRABADA ]
Feudal
10:43
Castillos
22:59
Imperial
34:53
| APM promedio | 38.0 |
| APM pico | 76 |
| eAPM promedio | 20.4 |
| Aldeanos / militares | 154 / 192 |
Foco
⚔️ 37.6% · 🌾 62.4%
Skirmisher ×96 · Woad Raider ×58 · Spearman ×18 · Mangonel ×14 · Militia ×4 · Monk ×2
Feudal
10:17
Castillos
23:50
Imperial
36:58
| APM promedio | 38.6 |
| APM pico | 67 |
| eAPM promedio | 19.5 |
| Aldeanos / militares | 106 / 203 |
Foco
⚔️ 36.1% · 🌾 63.9%
Archer ×127 · Scout Cavalry ×50 · Knight ×17 · Iron Pagoda ×5 · Trebuchet (Packed) ×4
Mapa de la partida
Recursos iniciales + cada clic de construcción. Líneas = muros · curvas = relieve. ◆ oro · ⬟ piedra · ● bayas · ✦ reliquia · ◌ hueco del cierre
Tu base· Abierta — flanco sin cerrar
Base de Bibigolas· Abierta — flanco sin cerrar
Terreno inicial suavizado · ◌ = hueco del cierre detectado · pasá el cursor para detalles
Inputs por minuto
— [RGV]saltychobos - - Bibigolas
Build order — [RGV]saltychobos
Primeras 150 de 442 acciones detectadas
| 0:00 | Encolar | Villager (Male) |
| 0:02 | Construir | House |
| 0:03 | Construir | House |
| 0:24 | Encolar | Villager (Male) ×3 |
| 1:32 | Encolar | Villager (Male) |
| 1:32 | Encolar | Villager (Male) |
| 1:48 | Construir | Lumber Camp |
| 1:50 | Encolar | Villager (Male) |
| 2:26 | Encolar | Villager (Male) |
| 2:47 | Encolar | Villager (Male) |
| 3:08 | Encolar | Villager (Male) |
| 3:27 | Encolar | Villager (Male) |
| 3:45 | Encolar | Villager (Male) |
| 3:48 | Construir | House |
| 4:29 | Construir | Barracks |
| 4:34 | Encolar | Villager (Male) |
| 4:58 | Encolar | Villager (Male) |
| 5:17 | Construir | House |
| 5:21 | Encolar | Villager (Male) |
| 5:25 | Encolar | Militia |
| 5:51 | Encolar | Militia |
| 5:54 | Encolar | Villager (Male) |
| 5:59 | Construir | House |
| 6:14 | Encolar | Villager (Male) |
| 6:18 | Encolar | Militia |
| 6:53 | Encolar | Villager (Male) |
| 6:56 | Construir | Mill |
| 7:14 | Encolar | Villager (Male) |
| 7:31 | Encolar | Villager (Male) |
| 7:49 | Investigar | Loom |
| 8:15 | Investigar | Feudal Age |
| 8:47 | Construir | Mining Camp |
| 9:14 | Encolar | Villager (Male) |
| 9:19 | Construir | House |
| 9:57 | Construir | House |
| 10:36 | Encolar | Villager (Male) |
| 10:43 | Edad | Edad Feudal |
| 10:46 | Investigar | Man-at-Arms (upgrade) |
| 10:49 | Construir | Archery Range |
| 10:54 | Investigar | Horse Collar |
| 10:55 | Investigar | Double-Bit Axe |
| 11:13 | Encolar | Villager (Male) |
| 11:17 | Construir | Blacksmith |
| 11:34 | Construir | Farm |
| 11:40 | Encolar | Villager (Male) |
| 11:51 | Construir | Farm |
| 11:53 | Construir | Farm |
| 12:13 | Encolar | Skirmisher |
| 12:13 | Encolar | Skirmisher |
| 12:15 | Encolar | Villager (Male) |
| 12:23 | Construir | Farm |
| 12:38 | Encolar | Skirmisher |
| 12:38 | Encolar | Villager (Male) |
| 12:42 | Construir | Farm |
| 12:43 | Construir | Farm |
| 13:02 | Encolar | Villager (Male) |
| 13:04 | Encolar | Skirmisher |
| 13:09 | Construir | Farm |
| 13:11 | Construir | Farm |
| 13:13 | Construir | Farm |
| 13:27 | Encolar | Skirmisher |
| 13:32 | Encolar | Villager (Male) |
| 13:36 | Investigar | Fletching |
| 13:40 | Construir | Farm |
| 13:55 | Encolar | Villager (Male) |
| 14:06 | Construir | House |
| 14:09 | Construir | House |
| 14:11 | Encolar | Skirmisher |
| 14:22 | Encolar | Villager (Male) |
| 14:22 | Encolar | Villager (Male) |
| 14:27 | Investigar | Padded Archer Armor |
| 14:29 | Construir | Farm |
| 14:31 | Construir | Farm |
| 14:38 | Encolar | Skirmisher |
| 14:45 | Construir | Farm |
| 14:47 | Construir | Farm |
| 14:51 | Construir | Farm |
| 15:01 | Encolar | Villager (Male) |
| 15:03 | Construir | House |
| 15:14 | Encolar | Spearman |
| 15:30 | Construir | House |
| 15:36 | Construir | Palisade Wall |
| 15:43 | Encolar | Villager (Male) |
| 15:44 | Encolar | Skirmisher |
| 15:44 | Encolar | Skirmisher |
| 15:59 | Construir | Farm |
| 16:02 | Encolar | Villager (Male) |
| 16:26 | Encolar | Villager (Male) |
| 16:26 | Encolar | Villager (Male) |
| 16:34 | Encolar | Spearman |
| 16:34 | Encolar | Spearman |
| 17:18 | Encolar | Spearman |
| 17:19 | Encolar | Villager (Male) |
| 17:21 | Encolar | Skirmisher |
| 17:21 | Encolar | Skirmisher |
| 17:24 | Construir | Farm |
| 17:31 | Construir | Lumber Camp |
| 17:50 | Encolar | Villager (Male) |
| 17:50 | Encolar | Villager (Male) |
| 17:58 | Encolar | Villager (Male) |
| 18:03 | Encolar | Skirmisher |
| 18:05 | Encolar | Spearman |
| 18:17 | Construir | Farm |
| 18:29 | Encolar | Spearman |
| 18:57 | Encolar | Skirmisher |
| 18:57 | Encolar | Skirmisher |
| 18:58 | Encolar | Villager (Male) |
| 18:58 | Encolar | Villager (Male) |
| 19:28 | Encolar | Militia |
| 19:31 | Encolar | Spearman |
| 19:35 | Construir | Farm |
| 19:35 | Construir | Farm |
| 19:35 | Construir | Farm |
| 19:36 | Construir | Farm |
| 19:36 | Construir | Farm |
| 19:36 | Construir | Farm |
| 19:52 | Construir | House |
| 20:15 | Encolar | Villager (Male) |
| 20:19 | Investigar | Castle Age |
| 20:25 | Construir | Lumber Camp |
| 20:32 | Encolar | Spearman |
| 20:33 | Encolar | Villager (Male) |
| 20:51 | Encolar | Skirmisher |
| 21:14 | Encolar | Skirmisher |
| 21:34 | Construir | Archery Range |
| 21:42 | Encolar | Skirmisher |
| 22:01 | Encolar | Skirmisher |
| 22:13 | Encolar | Villager (Male) |
| 22:24 | Encolar | Skirmisher |
| 22:30 | Encolar | Villager (Male) |
| 22:44 | Encolar | Villager (Male) |
| 22:49 | Construir | Archery Range |
| 22:54 | Encolar | Skirmisher |
| 22:54 | Encolar | Skirmisher |
| 22:59 | Edad | Edad de los Castillos |
| 23:03 | Investigar | Bodkin Arrow |
| 23:04 | Investigar | Elite Skirmisher (upgrade) |
| 23:19 | Encolar | Villager (Male) |
| 23:21 | Encolar | Skirmisher |
| 23:21 | Encolar | Skirmisher |
| 23:28 | Construir | Town Center |
| 23:32 | Encolar | Skirmisher |
| 23:37 | Encolar | Skirmisher |
| 23:46 | Encolar | Villager (Male) |
| 23:48 | Encolar | Skirmisher |
| 23:51 | Investigar | Leather Archer Armor |
| 23:57 | Investigar | Bow Saw |
| 24:11 | Construir | Farm |
| 24:12 | Encolar | Villager (Male) |
| 24:15 | Construir | House |
Build order — Bibigolas
Primeras 150 de 402 acciones detectadas
| 0:03 | Construir | House |
| 0:05 | Construir | House |
| 0:22 | Investigar | Loom |
| 1:04 | Encolar | Villager (Male) |
| 1:04 | Encolar | Villager (Male) |
| 1:30 | Encolar | Villager (Male) |
| 1:38 | Construir | Lumber Camp |
| 2:02 | Encolar | Villager (Male) |
| 2:26 | Encolar | Villager (Male) |
| 2:47 | Encolar | Villager (Male) |
| 2:47 | Encolar | Villager (Male) |
| 3:21 | Encolar | Villager (Male) |
| 3:53 | Encolar | Villager (Male) |
| 4:01 | Encolar | Villager (Male) |
| 4:31 | Encolar | Villager (Male) |
| 5:09 | Encolar | Villager (Male) |
| 5:10 | Encolar | Villager (Male) |
| 5:35 | Encolar | Villager (Male) |
| 5:35 | Encolar | Villager (Male) |
| 5:36 | Encolar | Villager (Male) |
| 5:52 | Encolar | Villager (Male) |
| 7:01 | Encolar | Villager (Male) |
| 7:32 | Construir | Mill |
| 8:00 | Construir | Mining Camp |
| 8:07 | Investigar | Feudal Age |
| 8:58 | Construir | Barracks |
| 9:09 | Construir | House |
| 9:12 | Construir | Palisade Wall |
| 9:14 | Construir | Palisade Wall |
| 9:17 | Construir | Palisade Wall |
| 9:19 | Construir | Palisade Wall |
| 9:20 | Construir | Palisade Wall |
| 9:46 | Construir | Palisade Wall |
| 9:48 | Construir | Palisade Wall |
| 9:50 | Construir | Palisade Wall |
| 9:52 | Construir | Palisade Wall |
| 10:05 | Encolar | Villager (Male) |
| 10:17 | Edad | Edad Feudal |
| 10:19 | Construir | Archery Range |
| 10:40 | Encolar | Villager (Male) |
| 10:41 | Encolar | Villager (Male) |
| 10:41 | Encolar | Villager (Male) |
| 10:55 | Encolar | Archer |
| 11:18 | Encolar | Archer |
| 11:24 | Investigar | Double-Bit Axe |
| 11:28 | Encolar | Villager (Male) |
| 11:39 | Encolar | Archer |
| 12:08 | Construir | Blacksmith |
| 12:14 | Encolar | Archer |
| 12:16 | Encolar | Villager (Male) |
| 12:29 | Construir | House |
| 12:52 | Encolar | Archer |
| 12:57 | Encolar | Villager (Male) |
| 13:13 | Construir | Archery Range |
| 13:15 | Investigar | Fletching |
| 13:15 | Investigar | Fletching |
| 13:26 | Construir | Farm |
| 13:30 | Construir | Farm |
| 13:48 | Encolar | Villager (Male) |
| 13:53 | Construir | Farm |
| 14:03 | Encolar | Archer |
| 14:04 | Encolar | Archer |
| 14:07 | Construir | House |
| 14:11 | Encolar | Villager (Male) |
| 14:15 | Construir | Farm |
| 14:17 | Construir | Farm |
| 14:20 | Construir | Farm |
| 14:47 | Encolar | Villager (Male) |
| 14:54 | Construir | Stable |
| 15:00 | Encolar | Archer |
| 15:00 | Encolar | Archer |
| 15:05 | Encolar | Villager (Male) |
| 15:28 | Encolar | Villager (Male) |
| 15:31 | Construir | House |
| 15:44 | Encolar | Archer |
| 15:48 | Encolar | Scout Cavalry |
| 16:18 | Encolar | Archer |
| 16:26 | Encolar | Villager (Male) |
| 16:27 | Encolar | Villager (Male) |
| 16:31 | Encolar | Scout Cavalry |
| 16:48 | Construir | House |
| 16:48 | Construir | House |
| 16:51 | Construir | Farm |
| 16:52 | Construir | Farm |
| 16:52 | Construir | Farm |
| 17:05 | Encolar | Archer |
| 17:05 | Encolar | Archer |
| 17:05 | Encolar | Archer |
| 17:05 | Encolar | Archer |
| 17:05 | Encolar | Archer |
| 17:10 | Encolar | Scout Cavalry |
| 17:23 | Encolar | Archer |
| 17:57 | Encolar | Archer |
| 17:57 | Encolar | Archer |
| 17:58 | Encolar | Villager (Male) |
| 17:58 | Encolar | Villager (Male) |
| 18:19 | Construir | Farm |
| 18:22 | Construir | Farm |
| 18:23 | Construir | Farm |
| 18:23 | Construir | Farm |
| 19:00 | Encolar | Archer |
| 19:00 | Encolar | Archer |
| 19:06 | Encolar | Villager (Male) |
| 19:06 | Encolar | Villager (Male) |
| 19:06 | Encolar | Villager (Male) |
| 19:10 | Encolar | Archer |
| 19:37 | Encolar | Villager (Male) |
| 19:39 | Construir | Farm |
| 20:25 | Construir | Market |
| 20:26 | Encolar | Archer |
| 20:26 | Encolar | Archer |
| 20:27 | Encolar | Archer |
| 21:10 | Investigar | Castle Age |
| 21:10 | Investigar | Castle Age |
| 21:25 | Encolar | Archer |
| 21:26 | Encolar | Archer |
| 21:56 | Investigar | Padded Archer Armor |
| 21:56 | Investigar | Padded Archer Armor |
| 22:28 | Construir | House |
| 22:28 | Construir | House |
| 22:28 | Construir | House |
| 22:29 | Construir | House |
| 22:29 | Construir | House |
| 22:32 | Encolar | Archer |
| 22:43 | Encolar | Archer |
| 22:43 | Encolar | Archer |
| 23:13 | Encolar | Archer |
| 23:13 | Encolar | Archer |
| 23:18 | Encolar | Villager (Male) |
| 23:27 | Investigar | Horse Collar |
| 23:28 | Investigar | Gold Mining |
| 23:28 | Investigar | Gold Mining |
| 23:43 | Encolar | Villager (Male) |
| 23:44 | Encolar | Villager (Male) |
| 23:50 | Edad | Edad de los Castillos |
| 23:54 | Construir | Town Center |
| 23:56 | Investigar | Bow Saw |
| 24:11 | Investigar | Crossbowman (upgrade) |
| 24:11 | Investigar | Crossbowman (upgrade) |
| 24:13 | Investigar | Bodkin Arrow |
| 24:28 | Encolar | Knight |
| 24:33 | Investigar | Scale Barding Armor |
| 24:33 | Investigar | Scale Barding Armor |
| 24:35 | Construir | Farm |
| 24:36 | Encolar | Villager (Male) |
| 24:55 | Encolar | Villager (Male) |
| 25:01 | Encolar | Villager (Male) |
| 25:17 | Encolar | Knight |
| 25:50 | Encolar | Archer |
| 25:50 | Encolar | Archer |
Cronología de la partida
| 4:29 | [RGV]saltychobos · first_building Barracks |
| 8:58 | Bibigolas · first_building Barracks |
| 9:12 | Bibigolas · wall_segment Palisade Wall x2 |
| 9:14 | Bibigolas · wall_segment Palisade Wall x1 |
| 9:17 | Bibigolas · wall_segment Palisade Wall x1 |
| 9:19 | Bibigolas · wall_segment Palisade Wall x1 |
| 9:20 | Bibigolas · wall_segment Palisade Wall x1 |
| 9:46 | Bibigolas · wall_segment Palisade Wall x1 |
| 9:48 | Bibigolas · wall_segment Palisade Wall x1 |
| 9:50 | Bibigolas · wall_segment Palisade Wall x1 |
| 9:52 | Bibigolas · wall_segment Palisade Wall x1 |
| 10:17 | Bibigolas · age_up feudal |
| 10:19 | Bibigolas · first_building Archery Range |
| 10:43 | [RGV]saltychobos · age_up feudal |
| 10:49 | [RGV]saltychobos · first_building Archery Range |
| 14:54 | Bibigolas · first_building Stable |
| 15:36 | [RGV]saltychobos · wall_segment Palisade Wall x1 |
| 22:59 | [RGV]saltychobos · age_up castle |
| 23:50 | Bibigolas · age_up castle |
| 24:09 | Bibigolas · first_market_buy 100 wood |
| 26:51 | Bibigolas · first_building Siege Workshop |
| 28:30 | [RGV]saltychobos · first_building Monastery |
| 29:31 | [RGV]saltychobos · first_building Castle |
| 31:51 | [RGV]saltychobos · first_building Siege Workshop |
| 34:53 | [RGV]saltychobos · age_up imperial |
| 36:13 | Bibigolas · first_building Castle |
| 36:58 | Bibigolas · age_up imperial |
| 41:46 | Bibigolas · first_market_sell 100 food |
| 41:54 | [RGV]saltychobos · first_market_buy 100 stone |
| 44:10 | [RGV]saltychobos · first_market_sell 500 food |
| 51:01 | [RGV]saltychobos · resign |
[ ANÁLISIS IA · 1 CRÉDITO ]
¿Qué pasó realmente en esta partida?
Wolo.gg analiza cada decisión: build order, eco, micro, errores típicos por bracket. Análisis personalizado por WhatsApp o Discord en 30 segundos.
Guía civ
Celtas
Perfil
[RGV]saltychobos